AoeStats
← Daarth Vader

Arabia

510193879Analyzed
1v1 RM · 2d ago on Sep 29, 2026· 31m 38s· 2 players
Game mode
Random Map
Map size
Tiny (2 player)
Population
200
Speed
Normal
Resources
Standard
Victory
Conquest
Starting age
Dark Age
Ending age
Imperial Age
RankedLock teamsTeams togetherTeam positionsShared explorationLock speedFull tech treeHidden civsTurbo modeCheats
Victory
Defeat
🇨🇴 Franks · Colombia
1355
+15
🇺🇸 Danes · United States
1329
-15
Daarth Vader
7:47 Loom
9:59 Feudal Age
10:23 Man-at-Arms
12:24 Double-Bit Axe
20:48 Castle Age
18:49 Horse Collar
19:12 Scale Mail Armor
21:50 Chain Mail Armor
22:11 Squires
JAGR | Herol
6:22 Loom
9:35 Feudal Age
10:34 Double-Bit Axe
18:52 Gold Mining
22:45 Castle Age
23:01 Castle Age
21:03 Padded Archer Armor
24:17 Crossbowman
25:59 Fletching
27:26 Bodkin Arrow
Connection lost

Rejoining the realm…

Still unreachable

The connection could not be restored.

Session expired

The server has moved on; the page needs a fresh start.